Cogmind - Beta 15 @@@ ROGUE MODE // 2025.07.02 @ 22:53:34 Player: Carpathian Result: Destroyed by X-67 Chaingunner with Heavy Machine Gun Performance ------------- Evolutions (3) 1500 Regions Visited (7) 1400 Robots Destroyed (66) 330 Value Destroyed (1727) 1727 Prototype IDs (0) 0 Alien Tech Used (0) 0 Bonus (393) 393 TOTAL SCORE: 5350 Bonus ------- Follower Combat Kills 78 Entered DSFs 500 Friendly Fire -185 Cogmind --------- Core Integrity 0/700 Matter 16/300 Energy 64/100 System Corruption 0% Temperature Cool (18) Movement Core (200) Ox3 Location -7/DSF Parts ------- > --- POWER (3) -------- (None) > --- PROPULSION (2) --- (None) > --- UTILITY (4) ------ Medium Storage Unit Targeting Computer > --- WEAPON (4) ------- (None) > --- INVENTORY (10) --- Hover Unit Peak State ------------ > --- POWER ------------ Improved Ion Engine Light Nuclear Core > --- PROPULSION ------- Carbon-fiber Leg Carbon-fiber Leg > --- UTILITY ---------- Large Storage Unit Large Matter Pod Weight Redist. System Utility Shielding > --- WEAPON ----------- Light Assault Rifle Heavy Missile Launcher > --- INVENTORY -------- Carbon-fiber Leg Medium Storage Unit Melee Analysis Suite Layered Light Armor Plating Heavy EM Pulse Gun Light Assault Rifle Light Assault Rifle Light Cannon Grenade Launcher Mini Grenade Launcher Mace [Rating: 23] Favorites ----------- Power Light Ion Engine Engine Light Ion Engine Power Core Light Nuclear Core Propulsion Light Treads Treads Light Treads Leg Improved Aluminum Leg Hover Unit Hover Unit Utility Large Storage Unit Device Weight Redist. System Storage Large Storage Unit Processor Targeting Computer Protection Backup Plating I Weapon Light Assault Rifle Energy Gun Medium Laser Energy Cannon EM Pulse Cannon Ballistic Gun Light Assault Rifle Ballistic Cannon Light Cannon Launcher Grenade Launcher Impact Weapon Mace Special Melee Weapon Datajack Build | -11 -10 -10 -9 -9 -8 -7 -7 ------- Run | Yrd Mat Min Mat Min Mat Fac DSF Slots Evolved 6 | . . . 2 . 2 2 . Power 2 | . . . . . 2 . . Propulsion . | . . . . . . . . Utility 2 | . . . 2 . . . . Weapon 2 | . . . . . . 2 . Parts Attached 56 | 6 7 . 13 3 18 2 7 Power 8 | 1 2 . 1 1 3 . . Engine 6 | 1 2 . 1 . 2 . . Core 2 | . . . . 1 1 . . Reactor . | . . . . . . . . Propulsion 15 | 2 2 . 2 . 6 . 3 Treads 4 | 2 2 . . . . . . Leg 8 | . . . 2 . 6 . . Wheel . | . . . . . . . . Hover 3 | . . . . . . . 3 Flight . | . . . . . . . . Utility 14 | 1 1 . 6 . 5 . 1 Device 5 | . . . 4 . . . 1 Storage 5 | 1 1 . 2 . 1 . . Processor 2 | . . . . . 2 . . Hackware . | . . . . . . . . Protection 2 | . . . . . 2 . . Artifact . | . . . . . . . . Weapon 19 | 2 2 . 4 2 4 2 3 Energy Gun 5 | 2 1 . . . 1 . 1 Energy Cannon 1 | . . . . . . . 1 Ballistic Gun 7 | . . . 2 1 2 1 1 Ballistic Cannon 1 | . . . . . 1 . . Launcher 3 | . 1 . 1 1 . . . Special Weapon . | . . . . . . . . Impact Weapon 1 | . . . . . . 1 . Slashing Weapon . | . . . . . . . . Piercing Weapon . | . . . . . . . . Special Melee Weapon 1 | . . . 1 . . . . Unidentified Prototypes . | . . . . . . . . Parts Lost 33 | . . . 6 2 12 . 13 Power 5 | . . . . 1 4 . . Propulsion 9 | . . . 2 . 2 . 5 Utility 8 | . . . 3 . 3 . 2 Weapon 11 | . . . 1 1 3 . 6 Highest Loss Streak 13 | . . . 2 2 9 . 13 To Critical Strikes . | . . . . . . . . Average Backups 9 | 2 7 9 12 12 9 9 6 Power . | . 1 1 1 1 . . . Propulsion 2 | 1 2 2 3 3 2 4 3 Utility 1 | . 2 3 1 1 1 . . Weapon 4 | . 1 3 5 6 6 5 2 Tool/Special . | . . . . . . . . Unused Backups 12 | . 2 . 2 2 5 . 1 Power 2 | . 1 . 1 . . . . Propulsion 4 | . . . 1 2 . . 1 Utility 5 | . 1 . . . 4 . . Weapon 1 | . . . . . 1 . . Tool/Special . | . . . . . . . . Average Slot Usage (%) 92 | . 98 100 96 96 76 49 48 Engine 8 | . 14 14 11 . 2 . . Core 3 | . . . . 10 6 . . Treads 13 | . 28 28 15 . . . . Leg 8 | . . . 6 21 16 15 6 Device 6 | . . . 13 11 7 . 1 Storage 19 | . 14 14 23 33 15 7 7 Processor 1 | . . . . . 3 15 15 Protection 7 | . 12 14 4 . 7 . . Energy Gun 6 | . 17 14 4 . . . 2 Ballistic Gun 6 | . . . 10 9 8 3 4 Launcher 7 | . 10 14 2 10 7 . . Peak Build Rating 23 | 6 7 7 15 17 23 14 17 Average Rating 11 | 4 6 7 12 15 17 12 11 On Entrance 9 | . 6 7 7 14 17 12 12 Naked Turns . | . . . . . . . . Heaviest Build 48 | 14 29 29 38 39 48 14 18 Greatest Support 46 | 40 40 40 46 29 36 26 26 Greatest Overweight (x) 5 | . . . 1 3 1 . 5 Average Overweight (x) . | . . . . 1 . . 1 Largest Inventory Capacity 15 | 8 15 15 15 15 15 10 10 Average Capacity 12 | 6 9 15 15 15 14 10 10 Most Carried 15 | 5 9 9 15 15 15 10 10 Average Carried 9 | 3 7 9 12 12 9 9 5 Final Capacity 15 | 8 15 15 15 15 10 10 10 Final Carried 15 | 4 9 9 14 15 10 9 1 Class Distribution -------------------- 86% | Mutant 12% | Scavenger-Mutant Dominant Class ---------------- Mutant | -10/Materials Mutant | -10/Mines Mutant | -9/Materials Mutant | -9/Mines Scavenger-Mutant | -8/Materials Mutant | -7/Factory Mutant | -7/DSF Resources | -11 -10 -10 -9 -9 -8 -7 -7 ----------- Run | Yrd Mat Min Mat Min Mat Fac DSF Matter Collected 1150 | 151 242 194 280 29 254 . . Remotely 58 | . . . 58 . . . . Salvage Created 1612 | . 268 8 803 20 394 . 119 Parts 107 | . 23 . 54 4 21 . 5 Haulers Intercepted 1 | . . . 1 . . . . Recyclers Shooed 4 | . 1 . 2 . 1 . . Parts Field Recycled . | . . . . . . . . Retrieved Matter . | . . . . . . . . Parts Self-Destructed . | . . . . . . . . Prevented . | . . . . . . . . Kills | -11 -10 -10 -9 -9 -8 -7 -7 ------- Run | Yrd Mat Min Mat Min Mat Fac DSF Combat Hostiles Destroyed 53 | . 11 1 20 3 16 . 2 Guns 20 | . 4 . 13 . 2 . 1 Cannons 1 | . . . . . 1 . . AOE 31 | . 7 1 7 3 13 . . Classes Destroyed 12 | . 4 1 4 . 2 . 1 Worker 6 | . 3 . 2 . 1 . . Builder 3 | . . . 3 . . . . Hauler 1 | . . . 1 . . . . Recycler 2 | . . . 1 . 1 . . Watcher 2 | . 1 . 1 . . . . Swarmer 17 | . 6 . 2 3 6 . . Grunt 27 | . 5 . 17 . 5 . . Brawler 1 | . . . . . 1 . . Sentry 4 | . . . 1 . 3 . . Specialist 2 | . . . . . . . 2 Heavy 1 | . . . . . 1 . . Assembled 1 | . . 1 . . . . . Best Kill Streak 14 | . 13 1 14 3 5 . 1 Combat Bots Only 10 | . 10 1 6 3 4 . 1 Max Kills in Single Turn 4 | . 4 1 4 3 2 . 1 Gunslinging . | . . . . . . . . Exploded 3 | . 2 1 2 3 2 . . Melee . | . . . . . . . . Uniques/NPCs Destroyed . | . . . . . . . . Combat | -11 -10 -10 -9 -9 -8 -7 -7 -------- Run | Yrd Mat Min Mat Min Mat Fac DSF Hostile Shots Fired 451 | . 39 8 110 6 77 . 211 Missed 168 | . 10 3 34 4 27 . 90 Hits 283 | . 29 5 76 2 50 . 121 Projectile 283 | . 29 5 76 2 50 . 121 Critical Strikes 7 | . 1 . 1 . 3 . 2 Damage Taken 4797 | . 376 35 1034 62 1693 . 1597 Core 1368 | . 58 21 177 . 392 . 720 Absorbed by Shields . | . . . . . . . . Redirected to Shielding 27 | . . . . . 27 . . Core Remaining (%) 62 | 100 . 68 . 55 28 . . Volleys Fired 151 | . 19 1 79 2 42 . 8 Largest 3 | . 2 2 2 2 2 . 3 Hottest 103 | . 100 80 70 50 65 . 103 Shots Fired 228 | . 38 2 97 3 64 . 24 Gun 183 | . 30 1 90 1 37 . 24 Cannon 9 | . . . . . 9 . . Launcher 36 | . 8 1 7 2 18 . . Special . | . . . . . . . . Kinetic 140 | . . . 79 1 44 . 16 Thermal 50 | . 30 1 11 . . . 8 Explosive 36 | . 8 1 7 2 18 . . Electromagnetic 2 | . . . . . 2 . . Robot Hit Streak 9 | . 7 3 7 1 9 . 4 Robot Miss Streak 6 | . 3 . 3 1 5 . 6 Penetration Max . | . . . . . . . . Secondary Targets 3 | . 2 . 1 . . . . Max Gunslinging Chain 1 | . 1 . 1 . . . . Shots Hit Robots 145 | . 23 2 65 1 39 . 15 Core Hits 112 | . 20 1 50 4 35 . 2 Critical Kills 1 | . . . 1 . . . . Critical Parts Destroyed 2 | . . . 1 . . . 1 Critical Strikes 6 | . 3 . 2 . . . 1 Burn 3 | . 3 . . . . . . Destroy 2 | . . . 2 . . . . Smash 1 | . . . . . . . 1 Melee Attacks 3 | . . . 2 . . . 1 Impact 1 | . . . . . . . 1 Slashing . | . . . . . . . . Piercing . | . . . . . . . . Sneak Attacks 2 | . . . 2 . . . . Combat Hostiles . | . . . . . . . . Follow-up Attacks . | . . . . . . . . Damage Inflicted 4323 | . 661 39 1657 152 1610 . 204 Guns 1120 | . 201 13 561 . 181 . 164 Cannons 143 | . . . . . 143 . . Explosions 2999 | . 460 26 1087 147 1279 . . Melee 40 | . . . . . . . 40 Ramming 21 | . . . 9 5 7 . . Kinetic 841 | . . . 487 . 297 . 57 Thermal 395 | . 201 13 74 . . . 107 Explosive 2999 | . 460 26 1087 147 1279 . . Electromagnetic 27 | . . . . . 27 . . Impact 40 | . . . . . . . 40 Slashing . | . . . . . . . . Piercing . | . . . . . . . . Highest Corruption 4 | . 1 1 . . 4 . . Average Corruption 2 | . 1 1 . . 4 . . Corruption Purged . | . . . . . . . . Corruption Blocked . | . . . . . . . . Effects 22 | . 6 1 . . 15 . . Message Errors 2 | . . . . . 2 . . Matter Fused 9 | . 1 1 . . 7 . . Heat Flow Errors 1 | . 1 . . . . . . Energy Discharges 1 | . 1 . . . . . . Data Loss (minor) 3 | . 1 . . . 2 . . Misfires 2 | . 2 . . . . . . Alerts 2 | . . . . . 2 . . Weapon Failures 2 | . . . . . 2 . . Overload Shots . | . . . . . . . . Overflow Damage 238 | . 29 . 114 23 32 . 40 Projectiles . | . . . . . . . . Explosions 198 | . 29 . 114 23 32 . . Melee 40 | . . . . . . . 40 Knockbacks 2 | . . . 1 . . . 1 Impact 2 | . . . 1 . . . 1 Kinetic . | . . . . . . . . Secondary . | . . . . . . . . Self-Inflicted Damage 630 | . 84 . 145 48 353 . . Shots 16 | . 3 . 2 1 10 . . Rammed 2 | . 1 . 1 . . . . Targets Rammed 7 | . 1 . 2 2 2 . . Kicked 5 | . . . 1 2 2 . . Crushed . | . . . . . . . . Highest Temperature 441 | . 441 21 125 . 51 . 15 Average Temperature 89 | . 179 11 34 . 11 . 9 Received Heat Transfer 1050 | . 105 . 489 . 270 . 186 Effects 4 | . 4 . . . . . . Shutdowns 1 | . 1 . . . . . . Energy Bleed 1 | . 1 . . . . . . Interference 1 | . 1 . . . . . . Short Circuit 1 | . 1 . . . . . . Siege Activations . | . . . . . . . . Martial Activations . | . . . . . . . . Shielding Activations . | . . . . . . . . Robots Disrupted . | . . . . . . . . Combat Hostiles . | . . . . . . . . Robots Corrupted 1 | . . . . . . . 1 Combat Hostiles 1 | . . . . . . . 1 Parts Fried . | . . . . . . . . Impact Corruptions 1 | . . . . . . . 1 Robots Melted . | . . . . . . . . Combat Hostiles . | . . . . . . . . Parts Melted 1 | . . . 1 . . . . Heat Transferred 1295 | . 814 37 222 . . . 222 Parts Sabotaged . | . . . . . . . . Parts Stolen . | . . . . . . . . Parts Stripped . | . . . . . . . . Power Chain Reactions . | . . . . . . . . Alert | -11 -10 -10 -9 -9 -8 -7 -7 ------- Run | Yrd Mat Min Mat Min Mat Fac DSF Maximum Alert Level 1 | . 1 . 1 . 1 . . Low Security (%) 77 | 100 43 100 90 100 71 100 100 Level 1 22 | . 56 . 9 . 28 . . Level 2 . | . . . . . . . . Level 3 . | . . . . . . . . Level 4 . | . . . . . . . . Level 5 . | . . . . . . . . High Security . | . . . . . . . . Max Security . | . . . . . . . . Peak Influence 370 | . 370 89 304 196 270 79 88 Initial 109 | . . 54 22 109 . 79 58 Average 116 | . 199 30 73 58 163 79 52 Influence Increases 2082 | . 463 110 706 107 626 5 65 Destroy 0b10 Robot/C 1160 | . 220 60 460 60 320 . 40 Destroy 0b10 Robot/NC 75 | . 20 . 45 . 10 . . Destroy Leader 258 | . 52 10 96 10 80 . 10 Allied During Kill 21 | . . 14 7 . . . . Successful Hack 26 | . 17 . 4 . . 5 . Disable Machine 135 | . . . 45 30 60 . . Destroy Structure 242 | . 49 11 49 7 126 . . Lose Combat Pursuer 165 | . 105 15 . . 30 . 15 Influence Decreases 2082 | . 324 190 485 387 450 97 149 Entered New Map 416 | . . 85 37 171 . 97 26 Time Decay 1308 | . 324 105 353 196 330 . . Lost Part 318 | . . . 55 20 120 . 123 Lost Ally 40 | . . . 40 . . . . Squads Dispatched 11 | . 3 . 6 . 1 . 1 Investigation 6 | . 2 . 4 . . . . Extermination . | . . . . . . . . Reinforcement 5 | . 1 . 2 . 1 . 1 Assault . | . . . . . . . . Garrison . | . . . . . . . . Intercept . | . . . . . . . . Searches Triggered . | . . . . . . . . Construction Impeded . | . . . . . . . . Haulers Reinforced . | . . . . . . . . Active Scanning Responses . | . . . . . . . . Cargo Convoy Interrupts . | . . . . . . . . Stealth | -11 -10 -10 -9 -9 -8 -7 -7 --------- Run | Yrd Mat Min Mat Min Mat Fac DSF Distress Signals 5 | . 2 . 1 . 2 . . Communications Jammed . | . . . . . . . . Distress Signals . | . . . . . . . . Times Spotted 90 | . 25 10 24 3 22 . 6 Peak Tracking Total 13 | . 10 13 7 3 5 . 4 Tactical Retreats 6 | . 2 1 . . 2 . 1 Traps | -11 -10 -10 -9 -9 -8 -7 -7 ------- Run | Yrd Mat Min Mat Min Mat Fac DSF Traps Triggered 4 | . 1 . 1 2 . . . Indirectly . | . . . . . . . . Trap Hack Attempts . | . . . . . . . . Triggered . | . . . . . . . . Disarmed 6 | . 6 . . . . . . Reprogrammed . | . . . . . . . . Reused . | . . . . . . . . Traps Extracted . | . . . . . . . . Installed . | . . . . . . . . Triggered . | . . . . . . . . Machines | -11 -10 -10 -9 -9 -8 -7 -7 ---------- Run | Yrd Mat Min Mat Min Mat Fac DSF Machines Disabled 10 | . . . 4 2 4 . . Max in Single Turn 3 | . . . 3 1 1 . . Machines Repaired . | . . . . . . . . Machines Dismantled . | . . . . . . . . Machines Sabotaged . | . . . . . . . . Overloaded Fab Kills . | . . . . . . . . Hacking | -11 -10 -10 -9 -9 -8 -7 -7 --------- Run | Yrd Mat Min Mat Min Mat Fac DSF Machines Accessed 12 | . 5 . 5 1 . 1 . Terminals 8 | . 3 . 4 . . 1 . Fabricators . | . . . . . . . . Repair Stations 1 | . 1 . . . . . . Recycling Units 2 | . 1 . 1 . . . . Scanalyzers . | . . . . . . . . Garrison Access . | . . . . . . . . Total Hacks 42 | . 24 . 14 1 . 3 . Successful 20 | . 12 . 6 1 . 1 . Failed 22 | . 12 . 8 . . 2 . Catastrophic 2 | . 1 . 1 . . . . Database Lockouts . | . . . . . . . . Manual . | . . . . . . . . Terminals 30 | . 16 . 11 . . 3 . Fabricators . | . . . . . . . . Repair Stations 3 | . 3 . . . . . . Recycling Units 8 | . 5 . 3 . . . . Scanalyzers . | . . . . . . . . Garrison Access . | . . . . . . . . Terminal Hacks 16 | . 9 . 5 1 . 1 . Record 11 | . 7 . 4 . . . . Open Door 1 | . . . . 1 . . . Open DSF 1 | . . . . . . 1 . Terminal Index 1 | . 1 . . . . . . Disarm Traps 1 | . 1 . . . . . . Registered Prototypes 1 | . . . 1 . . . . Fabricator Hacks . | . . . . . . . . Repair Station Hacks 1 | . 1 . . . . . . Refit 1 | . 1 . . . . . . Recycling Unit Hacks 3 | . 2 . 1 . . . . Retrieve Components 3 | . 2 . 1 . . . . Scanalyzer . | . . . . . . . . Garrison Access Hacks . | . . . . . . . . Unauthorized Hacks . | . . . . . . . . Terminals . | . . . . . . . . Fabricators . | . . . . . . . . Repair Stations . | . . . . . . . . Recycling Units . | . . . . . . . . Scanalyzers . | . . . . . . . . Garrison Access . | . . . . . . . . Data Cores Recovered . | . . . . . . . . Used . | . . . . . . . . Hacking Detections 11 | . 5 . 5 . . 1 . Full Trace Events 10 | . 5 . 5 . . . . Feedback Events . | . . . . . . . . Feedback Blocked . | . . . . . . . . Robot Schematics Acquired . | . . . . . . . . Robots Built . | . . . . . . . . Authchips . | . . . . . . . . Time . | . . . . . . . . Total Robot Build Rating . | . . . . . . . . Part Schematics Acquired . | . . . . . . . . Parts Built . | . . . . . . . . Authchips . | . . . . . . . . Time . | . . . . . . . . Total Part Build Rating . | . . . . . . . . Parts Repaired . | . . . . . . . . Time . | . . . . . . . . Parts Recycled . | . . . . . . . . Recycled Matter . | . . . . . . . . Retrieved Matter . | . . . . . . . . Retrieved Components 12 | . 3 . 9 . . . . Parts Scanalyzed . | . . . . . . . . Part Schematics Acquired . | . . . . . . . . Parts Damaged . | . . . . . . . . Bothacking | -11 -10 -10 -9 -9 -8 -7 -7 ------------ Run | Yrd Mat Min Mat Min Mat Fac DSF Used RIF Installer . | . . . . . . . . Robots Hacked . | . . . . . . . . Non-combat . | . . . . . . . . Combat . | . . . . . . . . Robot Hacks Applied . | . . . . . . . . Relay Couplers Released . | . . . . . . . . Fabnet Peak Effective % . | . . . . . . . . Robots Rewired . | . . . . . . . . Allies Hacked . | . . . . . . . . Hacks Repelled . | . . . . . . . . Allies | -11 -10 -10 -9 -9 -8 -7 -7 -------- Run | Yrd Mat Min Mat Min Mat Fac DSF Total Allies 3 | . . 3 . . . . . Largest Group 3 | . . 3 2 . . . . Highest-Rated Group 81 | . . 81 50 . . . . Highest-Rated Ally 31 | . . 31 31 . . . . Total Orders . | . . . . . . . . Ally Attacks 18 | . . 9 9 . . . . Total Damage 206 | . . 66 140 . . . . Kills 7 | . . 3 4 . . . . Allies Corrupted . | . . . . . . . . Allies Melted . | . . . . . . . . Intel | -11 -10 -10 -9 -9 -8 -7 -7 ------- Run | Yrd Mat Min Mat Min Mat Fac DSF Active Infowar (turns) 256 | . . . . . 153 14 89 Optics 256 | . . . . . 153 14 89 Robot Analysis Total . | . . . . . . . . Derelict Logs Recovered 2 | . . . . 2 . . . Drone Launches . | . . . . . . . . Drone Recoveries . | . . . . . . . . Exploration | -11 -10 -10 -9 -9 -8 -7 -7 ------------- Run | Yrd Mat Min Mat Min Mat Fac DSF Turns Passed 3954 | 82 1041 330 934 682 780 14 91 Spaces Moved 2035 | 47 600 194 446 353 358 8 29 Core 22 | 7 . . . 9 . . 6 Treads 1159 | 40 600 194 325 . . . . Legs 848 | . . . 121 344 358 8 17 Wheels . | . . . . . . . . Hover 6 | . . . . . . . 6 Flight . | . . . . . . . . Fastest Speed 50 | 50 160 160 120 120 120 120 120 Average Speed 166 | 143 160 160 164 187 170 120 153 Slowest Speed 300 | 160 160 160 190 260 190 120 300 Overloaded Moves . | . . . . . . . . Propulsion Burnouts . | . . . . . . . . Robots Hopped . | . . . . . . . . Potential Cave-ins . | . . . . . . . . Cave-ins Triggered 1 | . . . . . 1 . . Exploration Rate (%) 38 | 6 68 32 37 71 23 . 30 Regions Visited 7 Branch Regions 2 Pre-discovered Areas 2 | . . . . 2 . . . Known Exits Taken 1 | . . . . . . 1 . Unknown Exits Taken 6 | 1 1 1 1 1 1 . . Scrap Searched 1 | . . . . 1 . . . Spaces Dug . | . . . . . . . . Terrain Destroyed 272 | . 45 11 51 9 156 . . Melee . | . . . . . . . . Projectile . | . . . . . . . . AOE 272 | . 45 11 51 9 156 . . Terrain Rammed . | . . . . . . . . Walls Destroyed . | . . . . . . . . Machines Disabled . | . . . . . . . . Actions | -11 -10 -10 -9 -9 -8 -7 -7 --------- Run | Yrd Mat Min Mat Min Mat Fac DSF Total 2403 | 62 648 212 568 369 471 14 59 Wait 41 | . . 18 . . 12 . 11 Move 2028 | 46 599 193 445 352 357 7 29 Hop . | . . . . . . . . Pick Up 70 | 10 13 . 18 5 23 . 1 Fast Attach 4 | . . . . 4 . . . Attach 55 | 6 3 . 13 2 19 3 9 Detach 4 | . . . 2 . . 2 . Swap 8 | . 4 . 2 . 2 . . Drop 32 | . 9 . 5 2 14 2 . Fire 151 | . 19 1 79 2 42 . 8 Melee 3 | . . . 2 . . . 1 Ram . | . . . . . . . . Kick 5 | . . . 1 2 2 . . Crush 2 | . 1 . 1 . . . . Escape Stasis . | . . . . . . . . Rewire . | . . . . . . . . Trap . | . . . . . . . . Miscellaneous . | . . . . . . . . Route ------- -11/Scrapyard -10/Materials (discovered 2 exits: *Mat / [*Min]) -10/Mines -9/Materials -9/Mines -8/Materials -7/Factory -7/DSF (discovered 1 exit: [*Fac]) History --------- Turn | Location | Event 5 | -11/Scrapyard | Discovered new exit (range 15) 83 | -11/Scrapyard | Entered Materials 311 | -10/Materials | Build established: Mutant 379 | -10/Materials | Destroyed 10 combat bots 731 | -10/Materials | Discovered new exit (range 9) 898 | -10/Materials | Discovered new exit (range 8) 1124 | -10/Materials | Entered Mines 1125 | -10/Mines | Assembled infested the area 1140 | -10/Mines | Met 8R-AWN 1145 | -10/Mines | Received a Mining Laser from a helpful Derelict 1190 | -10/Mines | Discovered new exit (range 16) 1454 | -10/Mines | Entered Materials 1454 | -9/Materials | Accompanied by 2 allies 1454 | -9/Materials | Evolved 2 slots: Utility x2 1459 | -9/Materials | Led the pair of lost Derelicts to an unsafe place 2185 | -9/Materials | Discovered new exit (range 14) 2388 | -9/Materials | Entered Mines 2396 | -9/Mines | Met a Derelict bent on vengeance 2565 | -9/Mines | Discovered new exit (range 13) 2734 | -9/Mines | Learned location of Storage (-7) 2984 | -9/Mines | Met a Derelict who couldn't figure out how to use a Trap Extractor 3070 | -9/Mines | Entered Materials 3070 | -8/Materials | Evolved 2 slots: Power x2 3237 | -8/Materials | Crushed by falling debris 3237 | -8/Materials | Core integrity fell below 50% 3273 | -8/Materials | Lost 9 parts (2p2n2u3w) 3721 | -8/Materials | Build established: Scavenger-Mutant 3728 | -8/Materials | Discovered new exit (range 8) 3850 | -8/Materials | Entered Factory 3850 | -7/Factory | Evolved 2 slots: Weapon x2 3864 | -7/Factory | Identified exit to DSF 3864 | -7/Factory | Entered DSF 3878 | -7/DSF | Discovered new exit (range 20) 3892 | -7/DSF | Additional patrols routed to DSF 3947 | -7/DSF | Core integrity fell below 50% 3954 | -7/DSF | Core integrity fell below 20% 3955 | -7/DSF | Destroyed by X-67 Chaingunner with Heavy Machine Gun Last Messages --------------- corrupted. 03944_ Lgt. Cannon destroyed. 03946_ Penetrated by Slug. 03946_ Knocked back. 03948_ Energy Filter destroyed. 03948_ Knocked back. 03949_ A-02 Transporter delivers Gauss Rifle. 03951_ Knocked back. 03951_ A-02 Transporter delivers Gauss Rifle. 03953_ Mace destroyed. 03953_ Adv. Visual Processing Unit destroyed. 03953_ Critical hit (Blast). 03953_ Knocked back. 03953_ A-02 Transporter delivers Gauss Rifle. 03955_ Hover Unit destroyed. 03955_ Critical hit (Blast). 03955_ Knocked back. Map ----- +----------------------------------------------------+ | ??????????????????????????????????????????? | | ??????????????????????????????????????????? | | ??????????????????????????????????????????? | | ??????????????????????????????????????????? | | ??????????????????????????????????????????? | | ??????????????????????????????????????????? | | ??????????????????????????????????????????? | | ????????###???????????????????????????????? | | ???????!! ???????????????????????????????? | | ???????!! #?????????????? #??????????????? | | ??????? ?????????????? ???????????????? | | ???????? ?????????????? ???????????????? | | ???????? ?????????????? ???????????????? | | ???????? #????????????? ???????????????? | | ???????? #????????????? #???????????????? | | ???????## #????????????? ###?????????????? | | ???????#= =????????????? !!??????????????? | | ????????= =???????????? !!??????????????? | | ????????= =???????????? !???????????????? | | ???????## ##??????????? #####???????????? | | ???????# =???????????? / ????????????? | | ???????# =??????????? #?????????????? | | ????????# #?########?? ??????????????? | | ??????### ###==# #?? #????!#?????????? | | ???####"" ##==# %### ###!!!# ## "?? | | ???#""""" x @ H [ ^^ "?? | | ?????##"" = Y =%= ^ <"?? | | ??????#"""""##==# %# ![a[ #[ # ##?????? | | ??????#"""""#########!![[[[ #?????????????? | | ??????####"##???????#""######?????????????? | | ?????????#"#????????# ##??????????????????? | | ?????????""#????????###???????????????????? | | ?????????###??????????????????????????????? | | ??????????????????????????????????????????? | | ??????????????????????????????????????????? | | ??????????????????????????????????????????? | | ??????????????????????????????????????????? | | | | | | | | | | | | | | | | | | | | | | | | | | | +----------------------------------------------------+ Best States ------------- Heat Dissipation 48 Energy Generation 23 Energy Capacity 410 Matter Stores 450 Matter Capacity 450 Sight Range 20 Terrain Scan Density 10 Additional Mass Support 6 Armor Coverage 150 Utility Shielding 33 Evasion (%) 55 Targeting Accuracy 5 Recoil Reduction 2 Energy Filtering 30 Item Schematics ----------------- None Robot Schematics ------------------ None Fabricated ------------ Nothing Repaired ---------- Nothing Alien Tech Used ----------------- None Achievements -------------- Librarian Party Time Challenges ------------ None Game ------ Seed SensorReactiveCapacitor Manual? 0 Play Time 00:37:05 Cumulative 23.5 hours Start 2025.07.02 @ 22:18:19 End 2025.07.02 @ 22:53:34 Sessions 1 Manual Loads 0 Difficulty Rogue Special Mode None Game No. 127 Rogue 127 Adventurer 0 Explorer 0 Win Type - Total 0 Types 0/0/0/0/0/0/0/0/0/0 Lore% 5 Gallery% 20 Achievement% 17 Wizard Run 0 Options --------- Layout 1 ASCII 0 Keyboard 0 Movement Arrows Keybinds 0 Fullscreen 1 Font 24/Cog Map View 25x17 Zoom Use 87% Tactical HUD 1 Map Filters NONE Filters NONE Steam 1 RUN: 1e9a7104-07ae-41e6-9abf-342b7786fdae